 Dungeon Crawl Stone Soup version 0.31-a0-233-g139696dc86 (webtiles) character file.

Game seed: 8813178147356929332

28 voltaire321 the Stinger (level 3, -3/26 HPs)
             Began as a Merfolk Venom Mage on July 7, 2023.
             Slain by an ice beast (12 damage)
             ... on level 3 of the Dungeon.
             The game lasted 00:02:44 (1393 turns).

voltaire321 the Stinger (Merfolk Venom Mage)        Turns: 1393, Time: 00:02:44

Health: -3/26      AC:  2    Str: 10    XL:     3   Next: 14%
Magic:  4/6        EV: 13    Int: 14    God:
Gold:   87         SH:  0    Dex: 20    Spells: 5/6 levels left

rFire   . . .        d - +0 hand axe
rCold   . . .        (no shield)
rNeg    . . .        a - +0 robe
rPois   .            (no helmet)
rElec   .            (no cloak)
rCorr   .            (no gloves)
SInv    .            (no boots)
Will    .....        (no amulet)
Stlth   ++           c - +6 ring of dexterity
HPRegen 0.24/turn    (no ring)
MPRegen 0.10/turn

%: no passive effects
@: no status effects
A: (nimble swimmer 2), mertail
a: no special abilities


You were on level 3 of the Dungeon.
You visited 1 branch of the dungeon, and saw 3 of its levels.

You collected 87 gold pieces.

Inventory:

Hand Weapons
 d - a +0 hand axe (weapon)
Armour
 a - a +0 robe (worn)
 k - a +0 kite shield
Jewellery
 c - a +6 ring of dexterity (left hand)
 f - a ring of flight
Scrolls
 e - a scroll of silence {unknown}
 g - a scroll of brand weapon {unknown}
 h - a scroll of enchant armour {unknown}
 i - a scroll of immolation {unknown}
Potions
 b - a potion of magic
 j - a potion of heal wounds {unknown}
 l - 2 potions of curing {unknown}


   Skills:
 + Level 1.0 Fighting
 + Level 0.5 Armour
 + Level 3.1 Dodging
 - Level 2.1 Stealth
 + Level 2.2 Spellcasting
 - Level 2.0 Transmutations
 + Level 3.5 Poison Magic


You had 5 spell levels left.
You knew the following spells:

 Your Spells              Type           Power      Damage    Failure   Level
a - Sting                 Tmut/Pois      36%        1d4       8%          1

Your spell library contained the following spells:

 Spells                   Type           Power      Damage    Failure   Level
 Poisonous Vapours        Pois/Air       12%        N/A       17%         2
 Slow                     Hex            4%         N/A       24%         1
 Sublimation of Blood     Necr           1%         N/A       34%         2
 Mephitic Cloud           Conj/Pois/Air  4%         N/A       38%         3
 Olgreb's Toxic Radiance  Pois           11%        N/A       47%         4
 Confusing Touch          Hex            1%         N/A       56%         3
 Dazzling Flash           Conj/Hex       2%         N/A       56%         3
 Vampiric Draining        Necr           1%         2d6       56%         3
 Petrify                  Tmut/Erth      4%         N/A       83%         4
 Irradiate                Conj/Tmut      2%         3d12      99%         5
 Agony                    Necr           1%         N/A       100%        5
 Silence                  Hex/Air        0%         N/A       100%        5


Dungeon Overview and Level Annotations

Branches:
Dungeon (3/15)

Altars:


Innate Abilities, Weirdness & Mutations

((You are very nimble when in or above water. (Stealth+, EV+, Speed+++)))
Your lower body shifts to a powerful aquatic tail in water.


Message History

An endoplasm comes into view.
A ball python comes into view.
You see here a +0 sling.
The endoplasm quivers.
Aiming: Sting (safe; 8% risk of failure)
Press: ? - help, Q - select action Shift-Dir - straight line, f - endoplasm
Aim: an endoplasm (97% to hit)
The sting hits the endoplasm.
The endoplasm is poisoned.
The endoplasm is moderately wounded.
You hit the endoplasm. You punch the endoplasm.
You kill the endoplasm!
Your Fighting skill increases to level 1!
Aiming: Sting (safe; 8% risk of failure)
Press: ? - help, Q - select action Shift-Dir - straight line, f - ball python
Aim: a ball python (64% to hit)
The sting hits the ball python.
The ball python is poisoned.
You kill the ball python!
You see here a ball python corpse.
You open the door.
There is an open door here.
Magic restored.
There is an open door here.
An ice beast comes into view.
Aiming: Sting (safe; 8% risk of failure)
Press: ? - help, Q - select action Shift-Dir - straight line, f - ice beast
Aim: an ice beast (68% to hit)
The sting hits the ice beast.
The ice beast is poisoned.
The ice beast is lightly wounded.
Aiming: Sting (safe; 8% risk of failure)
Press: ? - help, Q - select action Shift-Dir - straight line, f/p - ice beast
Aim: an ice beast (lightly wounded, poisoned, 68% to hit)
The sting hits the ice beast but does no damage.
The ice beast looks even sicker.
The ice beast is lightly wounded.
You hit the ice beast but do no damage.
The ice beast is lightly wounded.
The ice beast hits you. The ice beast freezes you!
You closely miss the ice beast.
The ice beast is lightly wounded.
The ice beast hits you. The ice beast freezes you!
You die...

#.# #.#.# ### #.#
#.#.# ...
...#.#####.#.# ...
.###.#.......#.# ....
...............##....
#.............
#.##.......#######
#.##.......#......
#@##.....†.#......
#Y#####'##.#......
#.# #.##)#...... #.#
#.##.#...... ..#
#.##.#...... ###
#.##.'......
#.####...... #.#
####### #.. ...#


You could see an ice beast (very poisoned).

Vanquished Creatures
  A dart slug (D:3)
  4 ball pythons
  2 bats (D:1)
  An endoplasm (D:3)
  A giant cockroach (D:1)
  2 hobgoblins
  3 quokkas
  3 frilled lizards (D:1)
  5 kobolds
  3 rats
25 creatures vanquished.

Notes
Turn   | Place    | Note
-------+----------+-------------------------------------------
     0 | D:1      | voltaire321 the Merfolk Venom Mage began the quest for the
                  | Orb.
     0 | D:1      | Reached XP level 1. HP: 13/13 MP: 3/3
   432 | D:1      | Reached XP level 2. HP: 20/20 MP: 1/5
  1311 | D:3      | Reached XP level 3. HP: 25/25 MP: 6/6
  1362 | D:3      | Reached skill level 1 in Fighting
  1386 | D:3      | Noticed an ice beast
  1393 | D:3      | Slain by an ice beast

Illustrated notes

Levels and vault maps discovered:
D:1:      amcnicky_arrival_choice, layout_basic
D:2:      layout_rooms
D:3:      layout_basic, mainiacjoe_overflow_24_doors, serial_shops,
          nicolae_shop_dealshenge

Skill      XL: |  1  2  3 |
---------------+----------+-----
Dodging        | 3 |  3.1
Transmutations | 2 |  2.0
Fighting       | 1 |  1.0
Armour         | |  0.5
Stealth        | |  2.1
Spellcasting   | |  2.2
Poison Magic   | |  3.5

Action                     || total
---------------------------++-------
  Melee: Unarmed           ||    13
         Hand axe          ||    27
         Punch             ||     2
   Cast: Sting             ||    32
   Stab: Sleeping          ||     2
 Armour: Robe              ||     9
  Dodge: Dodged            ||    32

Table legend: (Time is in decaauts)
 A = Elapsed time spent in this place.
 B = Non-inter-level travel time spent in this place.
 C = Inter-level travel time spent in this place.
 D = Time resting spent in this place.
 E = Time spent auto-exploring this place.
 F = Levels seen in this place.
 G = Mean time per level.
                   A        B        C        D        E       F      G
               +--------+--------+--------+--------+--------+-----+--------+
         Total |   1399 |   1371 |     28 |     63 |   1048 |   3 |  466.3 |
       Dungeon |   1399 |   1371 |     28 |     63 |   1048 |   3 |  466.3 |
               +--------+--------+--------+--------+--------+-----+--------+

Top non-repeatable levels by time:
     D:1: 828 daAuts
     D:2: 481 daAuts
     D:3: 90 daAuts
